 Dungeon Crawl Stone Soup version 0.26-a0-466-g989023bd0d (webtiles) character file.

Game seed: 15011540145674102490

170867 yulyeong the Spry (level 17, -1/97 HPs)
             Began as a Spriggan Berserker on Aug 10, 2020.
             Was the Champion of Trog.
             Slain by a naga warrior
             ... wielding a +0 flail
              (12 damage)
             ... on level 4 of the Snake Pit.
             The game lasted 01:31:29 (44600 turns).

yulyeong the Spry (Spriggan Berserker)             Turns: 44600, Time: 01:31:30

Health: -1/97      AC: 13    Str: 18    XL:     17   Next: 38%
Magic:  0/18       EV: 32    Int: 10    God:    Trog [******]
Gold:   2374       SH:  8    Dex: 16    Spells: 16/16 levels left

rFire    . . .     SeeInvis +   a - +6 scimitar (elec)
rCold    . . .     Faith    .   u - +0 buckler
rNeg     . . .     Spirit   +   F - +0 swamp dragon scales
rPois    +         Reflect  .   N - +2 hat
rElec    .         Harm     .   T - +2 cloak
rCorr    .                      (gloves unavailable)
MR       ++...                  (boots unavailable)
Stlth    ++++++....             v - amulet of guardian spirit
HPRegen  1.06/turn              n - ring of stealth
MPRegen  0.16/turn              Q - +4 ring of evasion

@: lethally poisoned (-1 -> -1), berserk cooldown, slowed, constricted, studying
Fighting, quick
A: very small, unfitting armour, talons 1, slimy green scales 1, see invisible,
deformed body, speed 3, regeneration 2, subdued magic 1
a: Berserk, Trog's Hand, Brothers in Arms, Renounce Religion


You were on level 4 of the Snake Pit.
You worshipped Trog.
Trog was exalted by your worship.
You visited 4 branches of the dungeon, and saw 27 of its levels.
You also visited: Bailey and Gauntlet.

You collected 2857 gold pieces.
You spent 483 gold pieces at shops.

Inventory:

Hand Weapons
 a - a +6 scimitar of electrocution (weapon)
 b - a +9 antimagic quick blade
 I - a +0 scimitar of flaming
Missiles
 h - 3 throwing nets
 j - 42 boomerangs
 x - 66 poisoned darts (quivered)
 R - 9 curare-tipped darts
 S - 12 boomerangs of dispersal
Armour
 u - a +0 buckler (worn)
 y - a +0 troll leather armour
 F - +0 swamp dragon scales (worn)
 N - a +2 hat (worn)
 T - a +2 cloak (worn)
Jewellery
 i - an uncursed ring of fire
 m - an uncursed ring of resist corrosion
 n - a ring of stealth (left hand)
 v - an amulet of guardian spirit (around neck)
 P - an uncursed amulet of reflection
 Q - a +4 ring of evasion (right hand)
 U - the ring of the Mage {Wiz MR++ Int+3}
   (You found it in a Gauntlet)

   [ring of wizardry]

   It improves your spell success rate.
   It affects your intelligence (+3).
   It affects your resistance to hostile enchantments.
 X - an uncursed ring of fire
Wands
 e - a wand of acid (7)
 q - a wand of polymorph (6)
 A - a wand of disintegration (15)
 H - a wand of digging (8)
 M - a wand of clouds (4)
 O - a wand of paralysis (41)
 Z - a wand of iceblast (6)
Scrolls
 f - 9 scrolls of teleportation
 g - 4 scrolls of remove curse
 t - 5 scrolls of magic mapping
 C - a scroll of silence
 J - 2 scrolls of identify
 K - 4 scrolls of fog
 L - 2 scrolls of fear
 W - 4 scrolls of enchant armour
Potions
 c - 6 potions of lignification
 d - 8 potions of stabbing
 k - a potion of cancellation
 l - a potion of might
 o - 2 potions of berserk rage {unknown}
 p - 3 potions of invisibility
 s - 3 potions of ambrosia
 w - 7 potions of heal wounds
 z - 2 potions of brilliance {unknown}
 B - 4 potions of haste
 D - 6 potions of curing
 E - 2 potions of resistance
 G - 2 potions of flight
Books
 r - a manual of Fighting
Miscellaneous
 V - a lightning rod (4/4)


   Skills:
 + Level 14.1 Fighting
 - Level 12.1(14.4) Short Blades
 * Level 10.5(12.0) Long Blades
 + Level 10.5 Throwing
 * Level 8.9 Armour
 + Level 18.0 Dodging
 - Level 13.4 Stealth
 - Level 7.2 Shields


You had 16 spell levels left.
You didn't know any spells.
Your spell library was empty.

Dungeon Overview and Level Annotations

Branches:
Dungeon (15/15)            Temple (0/1) D:5            Lair (6/6) D:11
  Swamp (0/4) Lair:3        Snake (4/4) Lair:4        Slime (0/5) Lair:6
    Orc (2/2) D:10            Elf (0/3) Orc:2        Depths (0/5) D:15
 Bailey (visited)         Gauntlet (visited)
 Vaults: D:13-14

Altars:
Elyvilon
Fedhas
Gozag
Hepliaklqana
Kikubaaqudgha
Nemelex Xobeh
Sif Muna
Wu Jian
Xom
Yredelemnul
The Shining One
Jiyva

Shops:
Orc:2 **[!   Snake:1 [

Annotations:
D:2 exclusion: downstairs
D:13 Maurice
D:14 exclusions: deep elf knight, human, orc knight and vault guard
Snake:1 1 runed translucent door, tilp's ghost, journeyman SpEn
Snake:4 Nikola
Orc:1 exclusion: door


Innate Abilities, Weirdness & Mutations

You are very small and have problems with some larger weapons.
You are too small for most types of armour.
You have supernaturally acute eyesight. (SInv)
You cover ground extremely quickly.
You have sharp toenails.
You are partially covered in slimy green scales. (AC +2)
Armour fits poorly on your strangely shaped body.
You heal very quickly.
Your spells are a little easier to cast, but a little less powerful.


Message History

The lightning arc hits the naga warrior!! x2
The lightning arc hits the naga!!
The lightning arc hits Nikola.
The lightning arc hits the naga warrior!!
The naga mage misses you. The naga warrior completely misses you.
The naga warrior constricts you.
You hear a shout! x2
You closely miss the naga warrior. You claw the naga warrior.
The naga warrior is heavily wounded.
You feel sick. The naga warrior spits poison at you.
The splash of poison hits you but does no damage.
You are more poisoned.
You resist.
The naga mage hits you from afar with a +0 spear.
The naga warrior hits you with a +0 dire flail!!
* * * LOW HITPOINT WARNING * * *
The naga spits poison at you. You block the splash of poison.
The naga warrior hits you with a +0 flail!
You die...

##....)##
#...#######.
#...).## ..##
##..).....))
#....## N..##
##.....^.).))
....## NN..##
#....#######. ...##
@...###...## #.
.)## #...#....## ##
..# NNN##..## #.
..# #NN.#.## ##.
..# #@NN### ##..
..# #NN.# #.## ..#
#...# ##... ..##
#...# ##..## ...#
##...# ###...#
...## ##...##
##....## #..)###
###....# ##....##
#.....######.....##
#...###
##..............##
###...#


You could see Nikola, 8 naga warriors, a naga mage (fast) and 3 nagas.

Vanquished Creatures
  Rupert (D:13)
  Gastronok (D:8)
  9 nagarajas
  Snorg (Orc:1)
  15 naga warriors
  3 catoblepae (Lair:6)
  An ogre mage (D:15)
  10 anacondas
  7 hydras
  2 alligators (Snake:2)
  7 death yaks (Lair:6)
  7 two-headed ogres
  8 shock serpents
  A tengu warrior (D:14)
  6 orc high priests
  Sonja (D:10)
  Urug (Lair:6)
  15 naga sharpshooters
  A deep elf knight (D:15)
  3 salamander mystics
  2 swamp dragons (Snake:2)
  3 unseen horrors (D:13)
  3 wizards
  7 naga ritualists
  8 orc knights
  9 mana vipers
  An orc sorcerer (Orc:1)
  8 ugly things
  A wolf spider (Gauntlet)
  A moth of wrath (Gauntlet)
  2 cyclopes
  An oklob plant (Lair:1)
  7 salamanders
  7 manticores
  2 guardian serpents
  6 elephants
  25 black mambas
  17 naga magi
  Maggie (D:6)
  8 centaur zombies
  Psyche (D:11)
  3 rime drakes (Lair:3)
  An efreet (D:13)
  A gargoyle (D:13)
  14 cane toads
  A kobold demonologist (D:13)
  8 komodo dragons
  2 tengu conjurers
  5 trolls
  A queen bee (Lair:3)
  A polar bear (Lair:6)
  10 hippogriffs
  14 blink frogs
  Sigmund (D:3)
  A shadow (D:14)
  2 redbacks (Gauntlet)
  5 wyverns
  A vampire (D:13)
  3 wraiths
  40 yaks
  6 basilisks
  6 vampire mosquitoes
  65 nagas
  6 swamp worms (Snake:2)
  3 wargs
  16 water moccasins
  6 porcupines
  A hornet zombie (D:13)
  2 swamp drakes (Snake:2)
  48 orc warriors
  5 sky beasts
  4 ice beasts
  2 phantoms
  5 boggarts (D:13)
  A necrophage (D:11)
  24 ogres
  14 wolves
  18 centaurs
  15 crocodiles
  9 big kobolds
  19 bullfrogs
  2 gnoll sergeants (D:10)
  7 scorpions
  A water moccasin skeleton (D:4)
  28 killer bees
  12 wights
  6 howler monkeys
  A quasit (D:10)
  2 bullfrog zombies
  4 hounds
  5 centaur skeletons
  32 orc priests
  4 jellies
  22 orc wizards
  4 bullfrog skeletons
  8 iguanas
  9 worker ants
  A howler monkey zombie (D:6)
  A worker ant zombie (D:11)
  13 gnolls
  14 adders
  2 shadow imps
  An ufetubus (D:5)
  An ooze (D:5)
  3 worms
  5 dart slugs
  10 leopard geckos
  127 orcs
  4 giant cockroaches
  8 hobgoblins
  11 jackals
  16 kobolds
  5 quokkas
  3 ball pythons
  10 bats
  4 frilled lizards
  11 goblins
  A jackal skeleton (D:3)
  A leopard gecko zombie (D:8)
  11 rats
  A spectral orc (D:3)
  A butterfly (Lair:6)
1021 creatures vanquished.

Vanquished Creatures (collateral kills)
  A catoblepas (D:15)
  A two-headed ogre (Orc:1)
  A wolf spider zombie (D:15)
  2 trolls (Orc:1)
  2 redbacks (Gauntlet)
  A warg (Orc:1)
  An orc warrior (D:15)
  3 ogres
  3 orc priests
  An orc wizard (D:9)
  2 orcs (Orc:1)
18 creatures vanquished.

Vanquished Creatures (others)
  A naga (Snake:4)
  5 demonic plants (Gauntlet)
  6 fungi
  19 plants
31 creatures vanquished.

Grand Total: 1070 creatures vanquished

Notes
Turn   | Place    | Note
-------+----------+-------------------------------------------
     0 | D:1      | yulyeong the Spriggan Berserker began the quest for the
                  | Orb.
     0 | D:1      | Reached XP level 1. HP: 11/11 MP: 2/2
   340 | D:1      | Reached XP level 2. HP: 7/16 MP: 3/3
  1253 | D:1      | Reached skill level 5 in Dodging
  1263 | D:1      | Reached XP level 3. HP: 19/19 MP: 4/4
  1995 | D:2      | Reached ** piety under Trog
  2776 | D:2      | Reached XP level 4. HP: 24/24 MP: 5/5
  2880 | D:2      | Found a faded altar of an unknown god.
  2923 | D:2      | Reached skill level 1 in Stealth
  3165 | D:3      | Reached XP level 5. HP: 28/28 MP: 6/6
  3190 | D:3      | Reached skill level 5 in Short Blades
  3454 | D:3      | Found a sparkling altar of Nemelex Xobeh.
  3528 | D:3      | Noticed Sigmund
  3626 | D:3      | Reached *** piety under Trog
  3757 | D:3      | Killed Sigmund
  3757 | D:3      | Reached skill level 1 in Throwing
  3757 | D:3      | Reached skill level 6 in Dodging
  3757 | D:3      | Reached XP level 6. HP: 22/32 MP: 7/7
  4164 | D:3      | Found a basalt altar of Yredelemnul.
  4485 | D:3      | Found a shimmering altar of Xom.
  4679 | D:3      | Found a blossoming altar of Fedhas.
  5239 | D:4      | Reached XP level 7. HP: 30/36 MP: 8/8
  6912 | D:5      | Entered Level 5 of the Dungeon
  7238 | D:5      | Reached **** piety under Trog
  7892 | D:5      | Reached skill level 7 in Dodging
  7979 | D:5      | Found an ancient bone altar of Kikubaaqudgha.
  7980 | D:5      | Found an opulent altar of Gozag.
  8109 | D:5      | Reached XP level 8. HP: 37/41 MP: 9/9
  8161 | D:5      | Reached skill level 5 in Stealth
  8429 | D:5      | Found a staircase to the Ecumenical Temple.
  8887 | D:6      | Reached skill level 8 in Dodging
  9423 | D:6      | Reached skill level 5 in Throwing
  9426 | D:6      | Reached ***** piety under Trog
  9504 | D:6      | Noticed Maggie
  9514 | D:6      | Killed Maggie
  9514 | D:6      | Reached XP level 9. HP: 45/45 MP: 10/10
  9989 | D:6      | Found a hazy altar of Hepliaklqana.
 10418 | D:7      | Reached skill level 1 in Armour
 11064 | D:8      | Reached skill level 9 in Dodging
 11809 | D:8      | Found a white marble altar of Elyvilon.
 11811 | D:8      | Noticed Gastronok
 11843 | D:8      | Killed Gastronok
 11843 | D:8      | Reached skill level 10 in Short Blades
 11843 | D:8      | Reached XP level 10. HP: 51/51 MP: 11/11
 11925 | D:9      | Reached skill level 10 in Dodging
 11954 | D:9      | Received a gift from Trog
 11988 | D:9      | Noticed a deep elf mage
 12932 | D:9      | Reached skill level 5 in Fighting
 13137 | D:9      | Found a glowing golden altar of the Shining One.
 13390 | D:10     | Entered Level 10 of the Dungeon
 14218 | D:10     | Found a staircase to the Orcish Mines.
 14223 | D:10     | Noticed Sonja
 14253 | D:10     | Killed Sonja
 14253 | D:10     | Reached XP level 11. HP: 56/56 MP: 12/12
 14963 | D:10     | Reached skill level 11 in Dodging
 15530 | D:11     | Noticed a cyan ugly thing
 15547 | D:11     | Killed a cyan ugly thing
 15559 | D:11     | Found a staircase to the Lair.
 15676 | D:11     | Received a gift from Trog
 15760 | D:11     | Noticed Psyche
 15807 | D:11     | Found a gate leading to a gauntlet.
 15816 | Gauntlet | Entered a Gauntlet
 15837 | Gauntlet | Found a transporter.
 15848 | Gauntlet | Found a transporter.
 15851 | Gauntlet | Found a transporter.
 15854 | Gauntlet | Found a transporter.
 15874 | Gauntlet | Found the ring of the Mage {Wiz MR++ Int+3}
 15879 | Gauntlet | Found a transporter.
 15893 | Gauntlet | Found a transporter.
 15918 | Gauntlet | Found a transporter.
 15922 | Gauntlet | Noticed a large abomination
 15943 | Gauntlet | Found a transporter.
 15957 | Gauntlet | Found a transporter.
 15968 | Gauntlet | Noticed a balrug
 15988 | Gauntlet | Noticed a wolf spider
 15993 | Gauntlet | Found a transporter.
 16066 | Gauntlet | Noticed an unseen horror
 16067 | Gauntlet | Found a transporter.
 16067 | Gauntlet | Found a transporter.
 16102 | Gauntlet | an unseen horror changed into a black bear
 16152 | Gauntlet | Gained mutation: Your body sometimes deteriorates upon
                  | taking damage. [potion of mutation]
 16152 | Gauntlet | Gained mutation: Your mind is acute. (Int +2) [potion of
                  | mutation]
 16153 | Gauntlet | Lost mutation: Your mind is acute. (Int +2) [potion of
                  | mutation]
 16153 | Gauntlet | Lost mutation: Your body sometimes deteriorates upon taking
                  | damage. [potion of mutation]
 16153 | Gauntlet | Gained mutation: Your muscles are strong. (Str +2) [potion
                  | of mutation]
 16153 | Gauntlet | Gained mutation: You tend to lose your temper in combat.
                  | [potion of mutation]
 16153 | Gauntlet | Gained mutation: You expend magic power (3 MP) to
                  | strengthen your wands. [potion of mutation]
 16167 | Gauntlet | Killed a wolf spider
 16230 | Gauntlet | Noticed a minotaur
 16424 | D:11     | Noticed a two-headed ogre
 16424 | D:11     | You fall into a shaft and drop 1 floor!
 16425 | D:12     | Noticed a two-headed ogre
 16427 | D:12     | Killed a two-headed ogre
 16477 | D:12     | Reached skill level 5 in Armour
 16699 | D:11     | Killed Psyche
 16699 | D:11     | Reached skill level 12 in Dodging
 17253 | D:11     | Killed a two-headed ogre
 17629 | D:11     | Noticed a cyan ugly thing
 17639 | D:11     | Killed a cyan ugly thing
 17873 | D:12     | Reached skill level 10 in Stealth
 17873 | D:12     | Reached XP level 12. HP: 61/61 MP: 4/13
 18042 | D:12     | Noticed a two-headed ogre
 18056 | D:12     | Killed a two-headed ogre
 18456 | D:13     | Noticed a two-headed ogre
 18462 | D:13     | Killed a two-headed ogre
 18475 | D:13     | Reached skill level 13 in Dodging
 19540 | D:13     | Noticed an eight-headed hydra
 19549 | D:13     | Killed an eight-headed hydra
 19561 | D:13     | Noticed Maurice
 20368 | D:13     | Noticed Rupert
 20371 | D:13     | Paralysed by Rupert for 7 turns
 20720 | D:13     | Paralysed by Rupert for 3 turns
 20737 | D:13     | Killed Rupert
 20737 | D:13     | Reached skill level 14 in Dodging
 21082 | D:13     | Received a gift from Trog
 21309 | D:13     | Reached XP level 13. HP: 60/68 MP: 3/14
 21763 | D:14     | Found an ornate altar of the Wu Jian Council.
 21874 | D:14     | Reached skill level 1 in Long Blades
 22462 | D:14     | Reached skill level 1 in Shields
 22690 | D:15     | Entered Level 15 of the Dungeon
 23471 | D:15     | Reached skill level 10 in Throwing
 23502 | D:15     | Found a staircase to the Depths.
 23670 | Lair:1   | Entered Level 1 of the Lair of Beasts
 23952 | Lair:1   | Found an ancient bone altar of Kikubaaqudgha.
 25083 | Lair:2   | Reached XP level 14. HP: 60/75 MP: 2/15
 25170 | Lair:2   | Received a gift from Trog
 25762 | Lair:3   | Found a staircase to the Swamp.
 27003 | Lair:3   | Received a gift from Trog
 27362 | Lair:3   | Got a smoking short sword {god gift}
 27363 | Lair:3   | Identified the +1 short sword "Pigue" {flame, rPois MP-9
                  | Str+2} (Trog gifted it to you on level 3 of the Lair of
                  | Beasts)
 27664 | Lair:4   | Found a staircase to the Snake Pit.
 28014 | Lair:4   | Reached skill level 15 in Dodging
 28238 | Lair:5   | Lost mutation: Your muscles are strong. (Str +2) [potion of
                  | mutation]
 28238 | Lair:5   | Lost mutation: You tend to lose your temper in combat.
                  | [potion of mutation]
 28238 | Lair:5   | Gained mutation: Your muscles are strong. (Str +2) [potion
                  | of mutation]
 28238 | Lair:5   | Gained mutation: Your muscles are very strong. (Str +4)
                  | [potion of mutation]
 28238 | Lair:5   | Gained mutation: Armour fits poorly on your strangely
                  | shaped body. [potion of mutation]
 28238 | Lair:5   | Gained mutation: Your mind is acute. (Int +2) [potion of
                  | mutation]
 28287 | Lair:5   | Reached skill level 10 in Fighting
 28287 | Lair:5   | Reached skill level 5 in Shields
 29118 | Lair:6   | Entered Level 6 of the Lair of Beasts
 29299 | Lair:6   | Noticed Urug
 29488 | Lair:6   | Killed Urug
 29590 | Lair:6   | Received a gift from Trog
 30021 | Lair:6   | Reached skill level 5 in Long Blades
 30124 | Lair:6   | Found a viscous altar of Jiyva.
 30124 | Lair:6   | Found a staircase to the Slime Pits.
 30180 | Lair:6   | Reached XP level 15. HP: 81/81 MP: 5/16
 31789 | Orc:1    | Entered Level 1 of the Orcish Mines
 31813 | Orc:1    | Found a flagged portal.
 31822 | Bailey   | Entered a bailey
 32119 | Bailey   | Reached ****** piety under Trog
 32705 | Orc:1    | Found a shimmering blue altar of Sif Muna.
 32759 | Orc:1    | Reached skill level 16 in Dodging
 32794 | Orc:1    | Received a gift from Trog
 32838 | Orc:1    | Noticed Snorg
 32909 | Orc:1    | Killed Snorg
 33467 | Orc:2    | Entered Level 2 of the Orcish Mines
 33760 | Orc:2    | Found a staircase to the Elven Halls.
 33995 | Orc:2    | Received a gift from Trog
 35568 | Orc:2    | Found Biular Vufo's Distillery.
 35568 | Orc:2    | Found Zewisips's Assorted Antiques.
 35569 | Orc:2    | Found Udaifum's Armour Shop.
 35569 | Orc:2    | Found Fuvekkan's General Store.
 35576 | Orc:2    | Bought a potion of mutation for 136 gold pieces
 35576 | Orc:2    | Lost mutation: Your mind is acute. (Int +2) [potion of
                  | mutation]
 35576 | Orc:2    | Gained mutation: You have sharp toenails. [potion of
                  | mutation]
 35576 | Orc:2    | Gained mutation: You have razor-sharp toenails. [potion of
                  | mutation]
 35576 | Orc:2    | Lost mutation: You expend magic power (3 MP) to strengthen
                  | your wands. [potion of mutation]
 35576 | Orc:2    | Gained mutation: Your spells are a little harder to cast,
                  | but a little more powerful. [potion of mutation]
 35577 | Orc:2    | Bought 2 potions of mutation for 272 gold pieces
 35577 | Orc:2    | Lost mutation: You have razor-sharp toenails. [potion of
                  | mutation]
 35577 | Orc:2    | Lost mutation: Armour fits poorly on your strangely shaped
                  | body. [potion of mutation]
 35577 | Orc:2    | Lost mutation: Your muscles are very strong. (Str +4)
                  | [potion of mutation]
 35577 | Orc:2    | Gained mutation: Armour fits poorly on your strangely
                  | shaped body. [potion of mutation]
 35577 | Orc:2    | Gained mutation: Your natural rate of healing is unusually
                  | fast. [potion of mutation]
 35577 | Orc:2    | Gained mutation: You are partially covered in slimy green
                  | scales. (AC +2) [potion of mutation]
 35578 | Orc:2    | Lost mutation: Armour fits poorly on your strangely shaped
                  | body. [potion of mutation]
 35578 | Orc:2    | Lost mutation: Your spells are a little harder to cast, but
                  | a little more powerful. [potion of mutation]
 35578 | Orc:2    | Lost mutation: Your muscles are strong. (Str +2) [potion of
                  | mutation]
 35578 | Orc:2    | Gained mutation: Your spells are a little easier to cast,
                  | but a little less powerful. [potion of mutation]
 35578 | Orc:2    | Gained mutation: Armour fits poorly on your strangely
                  | shaped body. [potion of mutation]
 35578 | Orc:2    | Gained mutation: You heal very quickly. [potion of
                  | mutation]
 35582 | Orc:2    | Bought a potion of heal wounds for 75 gold pieces
 35767 | Snake:1  | Entered Level 1 of the Snake Pit
 36004 | Snake:1  | Found Jehe's Armour Emporium.
 36437 | Snake:1  | Found a runed translucent door.
 36439 | Snake:1  | Found a shimmering altar of Xom.
 36439 | Snake:1  | Noticed tilp's ghost (journeyman SpEn)
 36439 | Snake:1  | Identified the +11 demon whip of Painful Death {chaos, rF+
                  | MP-9 Dex+3}
 37273 | Snake:2  | Received a gift from Trog
 37498 | Snake:2  | Noticed a nagaraja
 37515 | Snake:2  | Killed a nagaraja
 37515 | Snake:2  | Reached XP level 16. HP: 90/90 MP: 5/17
 37572 | Snake:2  | Reached skill level 17 in Dodging
 42184 | Snake:4  | Entered Level 4 of the Snake Pit
 43474 | Snake:4  | Received a gift from Trog
 43492 | Snake:4  | Reached XP level 17. HP: 91/96 MP: 15/18
 44043 | Snake:4  | Reached skill level 10 in Long Blades
 44060 | Snake:4  | HP: 2/145 [stone wall collision (30)]
 44574 | Snake:4  | Reached skill level 18 in Dodging
 44595 | Snake:4  | Noticed Nikola
 44600 | Snake:4  | Slain by a naga warrior

Illustrated notes

Levels and vault maps discovered:
D:1:      tarquinn_simple_flora_water_f, layout_basic
D:2:      layout_basic, chequers_ecumenical_altar_simple
D:3:      layout_basic, yredelemnul_forgotten_temple_becter, fedhas_altar_4,
          nemelex_xobeh_ov_fountains_minmay, xom_teletrap_fun, uniq_sigmund
D:4:      layout_loops_cross, minmay_quadrilaterals
D:5:      layout_cave_pools, gammafunk_temple_overflow_statue,
          minmay_temple_entry_hall, serial_glass, glass_columns_a,
          glass_columns_a
D:6:      layout_loops_cross, kennysheep_little_box, uniq_maggie
D:7:      layout_basic
D:8:      layout_cave_pools, lemuel_round_altar, uniq_gastronok
D:9:      layout_irregular_city, tso_metal_star
D:10:     minmay_spotlight, layout_basic,
          kennysheep_orc_monster_closet_entryway, serial_park_tiny_2,
          minivault_5, minivault_4, uniq_sonja
D:11:     layout_basic, david_lair_shrubbed, gauntlet_entry_generic, uniq_psyche
D:12:     layout_loops_ring
D:13:     layout_basic, uniq_rupert, uniq_maurice
D:14:     layout_stronghold, grunt_vaults_entry_fortified,
          grunt_decor_one_mirror, serial_column_ruins, column_ruins_hut_water,
          column_ruins_corridor_water, column_ruins_columns_dead_end,
          column_ruins_corridor_corner, column_ruins_columns_straight,
          column_ruins_grid_1, column_ruins_corridor_straight,
          column_ruins_open_tiny, basic_altar
D:15:     grunt_enter_depths_magical_seal, layout_loops_ring, serial_park_tiny_1
Lair:1:   layout_cave_pods, lemuel_oklob_altar
Lair:2:   layout_gridlike, grunt_megastairs_1, lemuel_fruit_fields,
          infiniplex_staircase_pool_2
Lair:3:   regret_index_tunnel_blossom, layout_regular_city, swamp_mist
Lair:4:   layout_regular_city, minmay_snake_entry_guardpost_small
Lair:5:   layout_cave_pods, minivault_24, lemuel_fruit_fields
Lair:6:   evilmike_catoblepas_cave, layout_regular_city, slime_altar_1,
          serial_bayou_shore_a, lemuel_fruit_fields, uniq_urug
Snake:1:  layout_honeycomb, serial_shops, shop, ebering_ghost_xom, st_stairs_8,
          serial_bayou_shore_b
Snake:2:  onia_ninara_swampy_vault, layout_layer_cave, grunt_ministairs_7
Snake:3:  cheibrodos_forgotten_conduit, layout_layer_cave, drop_trap,
          grunt_ministairs_1
Snake:4:  grunt_snake_rune_spirals, layout_concentric_octagons, uniq_nikola
Orc:1:    layout_caves, enter_bailey_2, led_sif_book, uniq_snorg
Orc:2:    st_orc_pillars, layout_diamond_mine

Skill      XL: |  1  2  3  4  5  6  7  8  9 10 11 12 13 14 15 16 17 |
---------------+----------------------------------------------------+-----
Dodging        | 5 6 7 8 9 10 12 14 15 16 17 18 | 18.0
Short Blades   | 4 5 6 7 8 10 11 12 | 12.1
Fighting       | 3 4 5 6 8 9 10 12 13 14 | 14.1
Stealth        | 1 2 3 4 8 10 11 13 | 13.4
Throwing       | 1 2 3 5 6 7 8 10 | 10.5
Armour         | 3 4 5 6 7 8 |  8.9
Long Blades    | 3 5 6 9 10 | 10.5
Shields        | 3 6 7 |  7.2

Action                   |  1- 3 |  4- 6 |  7- 9 | 10-12 | 13-15 | 16-18 || total
-------------------------+-------+-------+-------+-------+-------+-------++-------
Melee: Short sword       |   169 |   129 |   513 |   451 |       |       ||  1262
       Quick blade       |       |       |       |   398 |  2470 |   413 ||  3281
       Kick              |       |       |       |       |   100 |   345 ||   445
       Scimitar          |       |       |       |       |       |   475 ||   475
Throw: Dart              |       |    45 |    45 |    58 |    23 |     1 ||   172
       Boomerang         |       |       |    50 |    12 |       |       ||    62
       Throwing net      |       |       |       |     2 |       |       ||     2
Invok: Berserk           |     3 |     5 |    25 |    23 |    29 |    17 ||   102
       Trog's Hand       |       |       |       |     6 |     7 |     2 ||    15
       Brothers in Arms  |       |       |       |     2 |     2 |       ||     4
  Use: Scroll            |       |       |       |    22 |    16 |     7 ||    45
       Potion            |       |       |       |     3 |     7 |     4 ||    14
 Stab: Sleeping          |     2 |     8 |    27 |    28 |    76 |    12 ||   153
       Distracted        |       |       |       |     6 |     5 |     6 ||    17
       Confused          |       |       |       |       |       |     1 ||     1
Armor: Animal skin       |    11 |     2 |     6 |       |       |       ||    19
       Steam dragon scal |       |       |    17 |    40 |       |       ||    57
       Troll leather arm |       |       |       |       |    53 |     2 ||    55
       Swamp dragon scal |       |       |       |       |       |    42 ||    42
Dodge: Dodged            |   135 |   102 |   334 |   504 |   862 |   720 ||  2657
Block: Buckler           |       |       |       |       |   324 |   262 ||   586
       Rpst.: Scimitar   |       |       |       |       |       |    64 ||    64

Table legend: (Time is in decaauts)
 A = Elapsed time spent in this place.
 B = Non-inter-level travel time spent in this place.
 C = Inter-level travel time spent in this place.
 D = Time resting spent in this place.
 E = Time spent auto-exploring this place.
 F = Levels seen in this place.
 G = Mean time per level.
                   A        B        C        D        E       F      G
               +--------+--------+--------+--------+--------+-----+--------+
         Total |  34099 |  33015 |   1084 |  15890 |  11216 |  29 | 1175.8 |
       Dungeon |  18434 |  17690 |    744 |   9011 |   5711 |  15 | 1228.9 |
          Lair |   5854 |   5645 |    209 |   2401 |   2365 |   6 |  975.7 |
     Snake Pit |   6872 |   6799 |     73 |   3326 |   2254 |   4 | 1718.0 |
  Orcish Mines |   2036 |   1979 |     57 |    937 |    554 |   2 | 1018.0 |
        Bailey |    582 |    582 |      0 |    170 |    209 |   1 |  582.0 |
      Gauntlet |    318 |    318 |      0 |     42 |    120 |   1 |  318.0 |
               +--------+--------+--------+--------+--------+-----+--------+

Top non-repeatable levels by time:
 Snake:3: 2041 daAuts
 Snake:4: 2030 daAuts
  Lair:6: 2023 daAuts
    D:13: 1866 daAuts
     D:4: 1828 daAuts
 Snake:2: 1803 daAuts
     D:3: 1687 daAuts
   Orc:2: 1545 daAuts
    D:10: 1434 daAuts
     D:2: 1420 daAuts
    D:11: 1405 daAuts
     D:1: 1361 daAuts
     D:6: 1297 daAuts
     D:9: 1233 daAuts
  Lair:3: 1181 daAuts
